[Event "ICC tourney 2248 (120 10)"]
[Site "Internet Chess Club"]
[Date "2020.12.28"]
[Round "5"]
[White "iamvoltu"]
[Black "joeandjoe56"]
[Result "0-1"]
[ICCResult "White checkmated"]
[WhiteElo "1600"]
[BlackElo "1744"]
[Opening "Mieses opening"]
[ECO "A00"]
[NIC "VO.13"]
[Time "12:03:38"]
[PlyCount "172"]
[TimeControl "7200+10"]

1. d3 d5 2. e4 dxe4 3. dxe4 Qxd1+ 4. Kxd1 Nf6 5. f3 Nc6 6. Be3 Bd7 7. Nd2
O-O-O 8. Bc4 Ne5 9. Kc1 Nxc4 10. Nxc4 Be6 11. Nd2 g6 12. Ne2 Bg7 13. Nf4
Bd7 14. a4 b6 15. a5 Bc6 16. axb6 axb6 17. Rd1 Nd7 18. Nb3 Ne5 19. Bd4 Rd7
20. Bc3 Rhd8 21. Rxd7 Rxd7 22. Nd4 Bh6 23. Ne2 Nc4 24. Kb1 Ne3 25. Nd3 Bb5
26. Ra8+ Kb7 27. Rh8 Nxc2 28. Ne5 Rd1+ 29. Kxc2 Bxe2 30. Nxf7 Rc1+ 31. Kb3
Be3 32. Rxh7 b5 33. Ne5 Ra1 34. Rxe7 Bd1+ 35. Kb4 Be2 36. b3 Ra2 37. Nd7
Bc1 38. Nc5+ Ka8 39. Re8+ Ka7 40. Bf6 Ba3+ 41. Kc3 Bb2+ 42. Kd2 Bxf6+ 43.
Ke3 Bd1 44. Re6 Re2+ 45. Kd3 Bg5 46. Rxg6 Rd2+ 47. Kc3 Rc2+ 48. Kd4 Rxg2
49. Ra6+ Kb8 50. Ra5 c6 51. Ra6 Bxf3 52. Rxc6 Be2 53. Rb6+ Kc7 54. Rg6 Be3+
55. Kxe3 Rxg6 56. Kxe2 Rg2+ 57. Kd3 Rxh2 58. Kd4 Rd2+ 59. Kc3 Re2 60. Kd3
Re1 61. Kd2 Rh1 62. Kc3 Kc6 63. b4 Kd6 64. Kd4 Rd1+ 65. Kc3 Ke5 66. Kc2 Rh1
67. Kd2 Kd4 68. Kc2 Kc4 69. Kd2 Kxb4 70. Nd3+ Kc4 71. Ne5+ Kd4 72. Nf7 Rh2+
73. Kd1 b4 74. Ng5 Kc3 75. Nf3 b3 76. Nxh2 b2 77. Ke2 b1=Q 78. Nf3 Qxe4+
79. Kf2 Qe8 80. Kg3 Kd3 81. Kf4 Qf8+ 82. Kg3 Ke3 83. Ng5 Qf4+ 84. Kh3 Qxg5
85. Kh2 Kf2 86. Kh3 Qg3# { White checkmated } 0-1

[Event "ICC tourney 2248 (120 10)"]
[Site "Internet Chess Club"]
[Date "2020.12.28"]
[Round "5"]
[White "Priccchess"]
[Black "Cambod1"]
[Result "1-0"]
[ICCResult "Black checkmated"]
[WhiteElo "1806"]
[BlackElo "1739"]
[Opening "Caro-Kann: exchange variation"]
[ECO "B13"]
[NIC "CK.02"]
[Time "12:03:02"]
[PlyCount "81"]
[TimeControl "7200+10"]

1. e4 c6 2. d4 d5 3. exd5 cxd5 4. Nf3 Nf6 5. h3 Bf5 6. Bd3 Bg6 7. O-O e6 8.
Re1 Bd6 9. Bg5 Nbd7 10. Nc3 Qb6 11. Bxf6 Nxf6 12. Bb5+ Ke7 13. Rb1 Rhc8 14.
Bd3 Kf8 15. Bxg6 hxg6 16. Ne2 Qa5 17. Nc1 Ne4 18. c3 b5 19. a3 Qc7 20. Nd3
a5 21. Rc1 f6 22. Nd2 Nxd2 23. Qxd2 Kf7 24. Qe3 Re8 25. Qf3 Rh8 26. Re2
Rae8 27. Rce1 Rh4 28. Rc1 g5 29. Rce1 Bh2+ 30. Kh1 g4 31. Qe3 Bd6 32. Rf1
g5 33. f4 Bxf4 34. Nxf4 gxf4 35. Rxf4 Qb8 36. Ref2 f5 37. Rxf5+ exf5 38.
Rxf5+ Kg7 39. Qg5+ Kh7 40. Rf7+ Kh8 41. Qg7# { Black checkmated } 1-0

[Event "ICC tourney 2248 (120 10)"]
[Site "Internet Chess Club"]
[Date "2020.12.28"]
[Round "5"]
[White "AlanZ"]
[Black "peekaboopenguin"]
[Result "1-0"]
[ICCResult "Black checkmated"]
[WhiteElo "1744"]
[BlackElo "1636"]
[Opening "Réti opening"]
[ECO "A04"]
[NIC "QP.11"]
[Time "12:03:10"]
[PlyCount "89"]
[TimeControl "7200+10"]

1. Nf3 e6 2. e3 d5 3. c4 Nf6 4. Nc3 c6 5. Be2 dxc4 6. Bxc4 Bd6 7. d4 O-O 8.
e4 b5 9. Bd3 Bc7 10. Bg5 Qe8 11. Bxf6 gxf6 12. Qd2 e5 13. d5 b4 14. Ne2
cxd5 15. Qxb4 Nc6 16. Qc5 Ba5+ 17. Kf1 Bb6 18. Qxd5 Be6 19. Qb5 Rb8 20. Qa4
Bd7 21. Nc3 Nd4 22. Qd1 Bg4 23. Be2 Rd8 24. Nd5 Qe6 25. Nxd4 Bxe2+ 26. Nxe2
Kh8 27. Ng3 Bd4 28. Rb1 Qa6+ 29. Ne2 f5 30. Qb3 fxe4 31. Nc3 e3 32. f3 Rb8
33. Qc2 Rb7 34. g3 Rd8 35. Rd1 Rdb8 36. b3 Rc8 37. Kg2 Qf6 38. Rc1 Rbc7 39.
Qd3 Rd8 40. Nd5 Rxd5 41. Rxc7 Qd8 42. Rxf7 Qg8 43. Qf5 Rd6 44. Rf8 Qxf8 45.
Qxf8# { Black checkmated } 1-0

[Event "ICC tourney 2248 (120 10)"]
[Site "Internet Chess Club"]
[Date "2020.12.28"]
[Round "5"]
[White "CharlesDQuigley"]
[Black "FL2009"]
[Result "0-1"]
[ICCResult "White resigns"]
[WhiteElo "1815"]
[BlackElo "1857"]
[Opening "Nimzo-Indian: Kmoch variation"]
[ECO "E20"]
[NIC "NI.30"]
[Time "12:03:47"]
[PlyCount "100"]
[TimeControl "7200+10"]

1. d4 Nf6 2. c4 e6 3. Nc3 Bb4 4. f3 O-O 5. a3 Bxc3+ 6. bxc3 d5 7. cxd5 exd5
8. e3 c5 9. Bd3 Re8 10. Ne2 Nc6 11. O-O cxd4 12. cxd4 b6 13. Ng3 Bb7 14.
Qd2 Na5 15. Rb1 Rc8 16. Re1 Nc4 17. Qf2 Qe7 18. Nf5 Qf8 19. Qg3 Nh5 20. Qg5
g6 21. g4 Ng7 22. Nh6+ Kh8 23. Qf6 Re7 24. e4 Rc6 25. Qh4 dxe4 26. fxe4 Rc8
27. Bf4 Rd7 28. Bxc4 Rxc4 29. Be5 Rcxd4 30. Bxd4 Rxd4 31. Qf6 Rd7 32. Rbc1
Qe7 33. e5 Qe6 34. Rcd1 Bd5 35. Rd2 Re7 36. Red1 Bc6 37. Rd6 Qb3 38. Rxc6
Qxd1+ 39. Qf1 Qxf1+ 40. Kxf1 Ne6 41. h4 Kg7 42. g5 Rd7 43. Kf2 Kf8 44. Ke3
Rc7 45. Rd6 Rc3+ 46. Kd2 Rc4 47. Nxf7 Kxf7 48. Rd7+ Kg8 49. Rxa7 Rxh4 50.
Rb7 Nxg5 { White resigns } 0-1

[Event "ICC tourney 2248 (120 10)"]
[Site "Internet Chess Club"]
[Date "2020.12.28"]
[Round "5"]
[White "jHanna"]
[Black "mrerikchin"]
[Result "1/2-1/2"]
[ICCResult "Game drawn by mutual agreement"]
[WhiteElo "1787"]
[BlackElo "1636"]
[Opening "King's Indian: 6.Be2"]
[ECO "E91"]
[NIC "KI.19"]
[Time "12:02:56"]
[PlyCount "105"]
[TimeControl "7200+10"]

1. d4 Nf6 2. c4 g6 3. Nc3 Bg7 4. e4 d6 5. Nf3 O-O 6. Be2 Nc6 7. h3 e5 8. d5
Ne7 9. Be3 Ne8 10. Nd2 f5 11. f3 f4 12. Bf2 h6 13. b4 g5 14. c5 Ng6 15. Bb5
Nf6 16. cxd6 cxd6 17. Rc1 h5 18. Be2 Rf7 19. Qc2 Ne8 20. a4 Bf8 21. Nb5 a6
22. Na7 Bd7 23. a5 Rh7 24. Nb3 g4 25. hxg4 hxg4 26. Rxh7 Kxh7 27. b5 axb5
28. Bxb5 Bxb5 29. Nxb5 Nh4 30. Ke2 Be7 31. Bxh4 Bxh4 32. Qd2 Kg6 33. Qb4
Qd7 34. Nd2 Ra6 35. Nc4 gxf3+ 36. gxf3 Qh3 37. Nd2 Qg2+ 38. Kd3 Qf2 39. Rc3
Qe3+ 40. Kc2 Qe2 41. Nc7 Nxc7 42. Rxc7 Be1 43. Rxb7 Bxd2 44. Qxd2 Qxf3 45.
Qe1 Qg3 46. Qh1 Qf2+ 47. Kd3 Qe3+ 48. Kc4 Qc5+ 49. Kb3 Qe3+ 50. Ka4 Qd4+
51. Rb4 Qa7 52. Qg2+ Kf6 53. Rb5 { Game drawn by mutual agreement } 1/2-1/2

[Event "ICC tourney 2248 (120 10)"]
[Site "Internet Chess Club"]
[Date "2020.12.28"]
[Round "5"]
[White "Mozart1"]
[Black "haofangzhu"]
[Result "0-1"]
[ICCResult "White resigns"]
[WhiteElo "1836"]
[BlackElo "1454"]
[Opening "Giuoco Piano"]
[ECO "C54"]
[NIC "IG.02"]
[Time "12:02:55"]
[PlyCount "128"]
[TimeControl "7200+10"]

1. e4 e5 2. Nf3 Nc6 3. Bc4 Bc5 4. c3 Nf6 5. d3 a6 6. b4 Bb6 7. O-O O-O 8.
Bg5 h6 9. Bh4 d6 10. Nbd2 Be6 11. Qe2 Re8 12. Rad1 Kh7 13. Kh1 Kh8 14. Bxe6
fxe6 15. Nc4 g5 16. Nxb6 cxb6 17. Bg3 Qe7 18. Qe3 b5 19. d4 exd4 20. Nxd4
d5 21. e5 Ne4 22. f4 Nxd4 23. Rxd4 Rac8 24. Rd3 Qf7 25. Kg1 Rf8 26. Rf3 g4
27. Rf1 Qf5 28. Be1 Rf7 29. Bd2 Rfc7 30. Rc1 Rc4 31. g3 h5 32. Be1 Kg7 33.
Rd4 Qf7 34. Bd2 Qf5 35. Be1 R4c6 36. Kg2 Rf8 37. Bf2 h4 38. a3 Rfc8 39. Rd3
h3+ 40. Kg1 Kg6 41. Be1 Qf7 42. f5+ Qxf5 43. Bd2 Nxd2 44. Qxd2 Qxe5 45. Re3
Qg5 46. Rf1 e5 47. Qe2 Re6 48. Rf4 Kh5 49. Qd3 e4 50. Qf1 Kh6 51. Qe2 Rg6
52. Qf2 Qe5 53. Rf5 Qe6 54. Qf4+ Kg7 55. Re5 Qd6 56. Qf5 Rf8 57. Qh5 Qf6
58. Rf3 Qxf3 59. Re7+ Rf7 60. Qe5+ Rf6 61. Rxf7+ Kxf7 62. Qxd5+ Kg7 63.
Qg5+ Kh7 64. Qh4+ Kg6 { White resigns } 0-1

[Event "ICC tourney 2248 (120 10)"]
[Site "Internet Chess Club"]
[Date "2020.12.28"]
[Round "5"]
[White "kdbel"]
[Black "HPenguin"]
[Result "1-0"]
[ICCResult "Black checkmated"]
[WhiteElo "1892"]
[BlackElo "1819"]
[Opening "Sicilian: Sozin, 7.Be3"]
[ECO "B89"]
[NIC "SI.26"]
[Time "12:03:18"]
[PlyCount "83"]
[TimeControl "7200+10"]

1. e4 c5 2. Nf3 d6 3. d4 cxd4 4. Nxd4 Nf6 5. Nc3 Nc6 6. Bc4 e6 7. Be3 Be7
8. Bb3 O-O 9. O-O Na5 10. g4 Nxb3 11. axb3 g6 12. g5 Ne8 13. Qd2 f6 14. h4
e5 15. Nde2 Bh3 16. Rfd1 Qd7 17. Ng3 Qg4 18. Kh2 Qxh4 19. Rh1 Rf7 20. Nd5
f5 21. exf5 gxf5 22. g6 hxg6 23. Nxe7+ Qxe7 24. Bg5 Qe6 25. f4 Bg4 26. Kg1
Ng7 27. Kf2 Nh5 28. Nxh5 gxh5 29. Ra5 exf4 30. Re1 Qd7 31. Bxf4 Qc6 32. Rd5
Rc8 33. c3 Qb6+ 34. Kg3 Qxb3 35. Rxd6 Rg7 36. Bh6 f4+ 37. Kh4 Rf7 38. Re5
Bf5 39. Rxf5 Rxf5 40. Qg2+ Kf7 41. Qg7+ Ke8 42. Qd7# { Black checkmated }
1-0

[Event "ICC tourney 2248 (120 10)"]
[Site "Internet Chess Club"]
[Date "2020.12.28"]
[Round "5"]
[White "saisneha"]
[Black "ShanksGames"]
[Result "1-0"]
[ICCResult "Black forfeits on time"]
[WhiteElo "1883"]
[BlackElo "1591"]
[Opening "Dutch defense, Rubinstein variation"]
[ECO "A40"]
[NIC "QO.17"]
[Time "12:03:47"]
[PlyCount "91"]
[TimeControl "7200+10"]

1. d4 e6 2. c4 f5 3. Nc3 d5 4. Nf3 Nf6 5. g3 Be7 6. Bg2 c6 7. Qc2 Nbd7 8.
c5 O-O 9. e3 Ne4 10. h4 Ndf6 11. Ne5 Nxc3 12. Qxc3 Ne4 13. Qc2 Bf6 14. Nd3
Qe7 15. h5 e5 16. dxe5 Bxe5 17. Bd2 Bf6 18. O-O-O b6 19. h6 g6 20. Rh2 Nxc5
21. Nf4 a5 22. Kb1 Bd7 23. Bc3 Bxc3 24. Qxc3 Qf6 25. Qxf6 Rxf6 26. Nxd5
Rff8 27. Nxb6 Rad8 28. Nxd7 Nxd7 29. Bxc6 Ne5 30. Bd5+ Kh8 31. Rhh1 Ng4 32.
Bf3 Nxf2 33. Rxd8 Rxd8 34. Rf1 Nh3 35. Kc2 Ng5 36. Kb3 Rd3+ 37. Ka4 Rxe3
38. Bd5 Re8 39. Kxa5 Re5 40. Rd1 Nf7 41. b4 Nxh6 42. b5 Ng4 43. b6 Ne3 44.
b7 Re8 45. Rc1 Nxd5 46. Rc8 { Black forfeits on time } 1-0

[Event "ICC tourney 2248 (120 10)"]
[Site "Internet Chess Club"]
[Date "2020.12.28"]
[Round "5"]
[White "Han366"]
[Black "atevifred"]
[Result "0-1"]
[ICCResult "White resigns"]
[WhiteElo "1700"]
[BlackElo "1846"]
[Opening "QGD semi-Slav: Meran, Wade variation"]
[ECO "D47"]
[NIC "SL.09"]
[Time "12:03:20"]
[PlyCount "134"]
[TimeControl "7200+10"]

1. d4 d5 2. c4 c6 3. Nf3 Nf6 4. Nc3 e6 5. e3 Nbd7 6. Bd3 dxc4 7. Bxc4 b5 8.
Bd3 Bb7 9. O-O Be7 10. Re1 a6 11. a3 c5 12. Bc2 Qc7 13. e4 cxd4 14. Nxd4
O-O 15. Be3 Rfd8 16. Qe2 Nb6 17. Rad1 Nc4 18. Bc1 Nxa3 19. bxa3 Qxc3 20.
Rd3 Qc7 21. e5 Ne8 22. Bb1 Qb6 23. Red1 g6 24. Qg4 Ng7 25. Be3 Qc7 26. f4
Be4 27. Rc1 Qb7 28. Rdc3 Bxb1 29. Rxb1 Qe4 30. Rbc1 Nf5 31. Nxf5 exf5 32.
Qe2 Rd7 33. Qb2 Rad8 34. Qc2 Rd3 35. Rxd3 Rxd3 36. Bc5 Bxc5+ 37. Qxc5 Qe3+
38. Qxe3 Rxe3 39. Ra1 Kf8 40. Kf2 Rc3 41. Ra2 Ke7 42. Ke2 h6 43. Kd2 Rc5
44. Kd3 Ke6 45. Kd2 g5 46. g3 f6 47. exf6 Kxf6 48. Kd3 Rd5+ 49. Ke3 Ke6 50.
Rc2 Kd7 51. Rb2 a5 52. Rc2 g4 53. Rb2 Kc6 54. Rc2+ Rc5 55. Rb2 Rc3+ 56. Kd4
Rxa3 57. Ke5 Rc3 58. Kxf5 b4 59. Kxg4 b3 60. f5 a4 61. f6 Kd6 62. f7 Ke7
63. Rf2 Kf8 64. Kh5 Rc6 65. Rf4 a3 66. Rb4 a2 67. Rxb3 a1=Q { White resigns
} 0-1

[Event "ICC tourney 2248 (120 10)"]
[Site "Internet Chess Club"]
[Date "2020.12.28"]
[Round "6"]
[White "BlueZillop"]
[Black "IveDoneEnough"]
[Result "0-1"]
[ICCResult "White checkmated"]
[WhiteElo "1363"]
[BlackElo "1645"]
[Opening "English opening"]
[ECO "A22"]
[NIC "EO.10"]
[Time "17:17:43"]
[PlyCount "112"]
[TimeControl "7200+10"]

1. c4 e5 2. Nc3 Nf6 3. d3 d5 4. cxd5 Nxd5 5. Nf3 Nc6 6. g3 Bb4 7. Bd2 O-O
8. Bg2 h6 9. O-O Be6 10. Nxd5 Qxd5 11. Ng5 Qd7 12. Bxc6 Qxc6 13. Nxe6 Bxd2
14. Nxf8 Bg5 15. Ng6 Qxg6 16. Qc2 c6 17. Qb3 b6 18. Qc3 Rd8 19. Qxe5 Bf6
20. Qc7 Qg4 21. Rfe1 Re8 22. Qxc6 Rxe2 23. Rxe2 Qxe2 24. Qa8+ Kh7 25. Qe4+
Qxe4 26. dxe4 Bxb2 27. Rd1 Kg6 28. Rd7 a5 29. f4 Kf6 30. Rd6+ Ke7 31. Rxb6
Bd4+ 32. Kg2 Bxb6 33. Kf3 Kd6 34. e5+ Kd5 35. Kg4 Ke4 36. h4 g6 37. h5
gxh5+ 38. Kxh5 Kf3 39. Kxh6 Kxg3 40. Kg5 Be3 41. Kf6 Bxf4 42. Kxf7 Bxe5 43.
Ke6 Bc3 44. Kd5 Kf3 45. Kc4 Be1 46. Kb3 Ke3 47. a4 Kd3 48. Ka3 Kc3 49. Ka2
Kb4 50. Kb2 Kxa4 51. Ka2 Kb4 52. Kb2 a4 53. Ka2 a3 54. Ka1 Kb3 55. Kb1 a2+
56. Ka1 Bc3# { White checkmated } 0-1

[Event "ICC tourney 2248 (120 10)"]
[Site "Internet Chess Club"]
[Date "2020.12.28"]
[Round "6"]
[White "evg1234567"]
[Black "iamvoltu"]
[Result "0-1"]
[ICCResult "White checkmated"]
[WhiteElo "1716"]
[BlackElo "1600"]
[Opening "QGD Slav: exchange variation, 6.Bf4 Bf5"]
[ECO "D14"]
[NIC "SL.01"]
[Time "17:17:38"]
[PlyCount "118"]
[TimeControl "7200+10"]

1. d4 c6 2. c4 d5 3. cxd5 cxd5 4. Nc3 Nc6 5. Nf3 Nf6 6. Bf4 Bf5 7. e3 e6 8.
Bb5 Bd6 9. Bxd6 Qxd6 10. Rc1 O-O 11. O-O Bg4 12. h3 Bxf3 13. Qxf3 Rac8 14.
Bd3 a6 15. Qe2 h6 16. f4 Nd7 17. g4 Ne7 18. h4 f5 19. g5 hxg5 20. hxg5 Ng6
21. Kf2 Kf7 22. Rh1 Rh8 23. a3 Nxf4 24. exf4 Qxf4+ 25. Qf3 Qxd4+ 26. Qe3
Qxe3+ 27. Kxe3 Ne5 28. Be2 Kg6 29. Kf4 Nf7 30. Rcg1 e5+ 31. Kf3 Rxh1 32.
Rxh1 Nxg5+ 33. Kf2 d4 34. Nd5 Ne4+ 35. Kf3 Rc2 36. Ne7+ Kf6 37. Nd5+ Ke6
38. Nb4 Rxe2 39. Kxe2 Ng3+ 40. Kf3 Nxh1 41. Kg2 e4 42. Kxh1 d3 43. Na2 d2
44. Nc3 e3 45. Kg2 e2 46. b4 d1=Q 47. Nxd1 exd1=Q 48. b5 a5 49. a4 Qd3 50.
b6 Ke5 51. Kf2 Kf4 52. Kg2 Qg3+ 53. Kh1 Qf3+ 54. Kg1 Qe2 55. Kh1 Kg3 56.
Kg1 Qf2+ 57. Kh1 Qf3+ 58. Kg1 Qe3+ 59. Kh1 Qe1# { White checkmated } 0-1

[Event "ICC tourney 2248 (120 10)"]
[Site "Internet Chess Club"]
[Date "2020.12.28"]
[Round "6"]
[White "MathMonkey"]
[Black "hello12"]
[Result "1-0"]
[ICCResult "Black resigns"]
[WhiteElo "1187"]
[BlackElo "1475"]
[Opening "Sicilian: Anderssen variation"]
[ECO "B41"]
[NIC "SI.41"]
[Time "17:17:23"]
[PlyCount "79"]
[TimeControl "7200+10"]

1. e4 c5 2. Nf3 e6 3. d4 cxd4 4. Nxd4 Nf6 5. Nc3 Nc6 6. Be2 Bb4 7. Nxc6
bxc6 8. e5 Ne4 9. Bd2 Nxd2 10. Qxd2 Qa5 11. a3 O-O 12. O-O Be7 13. f4 Qb6+
14. Kh1 Qxb2 15. Rfb1 Bxa3 16. Rxb2 Bxb2 17. Ra2 Bxc3 18. Qxc3 Bb7 19. h3
Rfd8 20. Qc5 a6 21. Qb6 Rab8 22. Bxa6 Ba8 23. Qc5 Rb1+ 24. Kh2 Rdb8 25. Qd6
c5 26. Qxd7 Bd5 27. Ra5 R1b4 28. Rb5 R4xb5 29. Bxb5 g6 30. Bc6 Bc4 31. Qd6
Rc8 32. Bb7 Re8 33. Qxc5 Be2 34. c4 Rb8 35. Qc7 Re8 36. c5 Kf8 37. c6 Bb5
38. Qd6+ Re7 39. c7 Bd7 40. Bc6 { Black resigns } 1-0

[Event "ICC tourney 2248 (120 10)"]
[Site "Internet Chess Club"]
[Date "2020.12.28"]
[Round "6"]
[White "Threehundreds"]
[Black "ab4gm"]
[Result "1/2-1/2"]
[ICCResult "Game drawn because neither player has mating material"]
[WhiteElo "1437"]
[BlackElo "1047"]
[Opening "Ruy Lopez: Berlin defense, Beverwijk variation"]
[ECO "C65"]
[NIC "RL.07"]
[Time "17:17:43"]
[PlyCount "237"]
[TimeControl "7200+10"]

1. e4 e5 2. Nf3 Nc6 3. Bb5 Nf6 4. O-O Bc5 5. c3 d6 6. d3 O-O 7. h3 h6 8.
Re1 Bd7 9. Nbd2 Re8 10. Nf1 a6 11. Ba4 b5 12. Bb3 Bb6 13. Ng3 Na5 14. Bc2
Nc6 15. d4 exd4 16. cxd4 Qe7 17. b3 Nb4 18. Bb2 Nxc2 19. Qxc2 Qd8 20. Rad1
Ba5 21. Bc3 Bxc3 22. Qxc3 Rc8 23. Qd2 Bc6 24. d5 Bb7 25. Qd3 c6 26. dxc6
Bxc6 27. Qxd6 Qxd6 28. Rxd6 Nxe4 29. Nxe4 Bxe4 30. Rxa6 Bd3 31. Rxe8+ Rxe8
32. Rd6 Be2 33. Rd2 Bxf3 34. gxf3 Re6 35. Rd8+ Kh7 36. Kf1 Rf6 37. Kg2 Rg6+
38. Kf1 Rf6 39. Rd3 Ra6 40. Rd2 Rf6 41. Ke2 Re6+ 42. Kd1 Rf6 43. Ke2 Re6+
44. Kd3 Rf6 45. Ke4 Re6+ 46. Kd5 Rf6 47. Kc5 Rxf3 48. Kxb5 Rxh3 49. Kb4
Rh4+ 50. Kc3 Rh3+ 51. Kd4 Rh4+ 52. Ke3 Rh3+ 53. Kf4 g5+ 54. Ke4 Rh4+ 55.
Kf3 Rf4+ 56. Kg2 h5 57. a4 Rb4 58. Rd3 h4 59. a5 Rb5 60. a6 Ra5 61. Rd6 Kg7
62. b4 Ra4 63. b5 Ra5 64. Rb6 g4 65. Rb7 h3+ 66. Kg3 Ra3+ 67. Kh2 Ra2 68.
a7 Rxf2+ 69. Kg3 Rg2+ 70. Kf4 Ra2 71. Rc7 Ra1 72. Rc2 Rxa7 73. Kxg4 Rb7 74.
Rb2 h2 75. Rxh2 Rxb5 76. Kf4 Kf6 77. Rh6+ Ke7 78. Ra6 Rb4+ 79. Kf5 Rb5+ 80.
Ke4 Rh5 81. Ra7+ Kf6 82. Ra6+ Kg7 83. Kf4 Rh6 84. Ra7 Rf6+ 85. Kg5 Rg6+ 86.
Kf5 Rf6+ 87. Ke5 Kg6 88. Ra1 Rf5+ 89. Ke4 f6 90. Ra7 Re5+ 91. Kf4 Rh5 92.
Ra6 Rh4+ 93. Kg3 Rb4 94. Ra8 Rb3+ 95. Kf4 Rb4+ 96. Kg3 Rb5 97. Kf4 Rb4+ 98.
Kg3 Kg5 99. Rg8+ Kf5 100. Ra8 Rb5 101. Ra4 Ke5 102. Kf3 f5 103. Ra3 Kd4
104. Ra4+ Ke5 105. Ra3 Rd5 106. Rb3 Kd4 107. Kf4 Kc5 108. Rb8 Kd4 109. Rf8
Kd3 110. Ra8 Ke2 111. Ra2+ Kd3 112. Ra1 Kc4 113. Ra4+ Kb5 114. Ra8 Kc6 115.
Ra6+ Kd7 116. Ra7+ Ke6 117. Ra6+ Rd6 118. Rxd6+ Kxd6 119. Kxf5 { Game drawn
because neither player has mating material } 1/2-1/2

[Event "ICC tourney 2248 (120 10)"]
[Site "Internet Chess Club"]
[Date "2020.12.28"]
[Round "6"]
[White "ToughTurtle"]
[Black "mdbgaccp"]
[Result "0-1"]
[ICCResult "White checkmated"]
[WhiteElo "1476"]
[BlackElo "1804"]
[Opening "Caro-Kann: exchange variation"]
[ECO "B13"]
[NIC "CK.02"]
[Time "17:17:10"]
[PlyCount "46"]
[TimeControl "7200+10"]

1. e4 c6 2. d4 d5 3. exd5 cxd5 4. Bd3 Nf6 5. c3 Nc6 6. Nf3 g6 7. Bf4 Bg7 8.
O-O O-O 9. Nbd2 Nh5 10. Be3 f5 11. Nb3 f4 12. Bd2 Bg4 13. h3 Bxf3 14. Qxf3
e5 15. Qg4 exd4 16. Nc5 Ne5 17. Qe2 f3 18. Qd1 fxg2 19. Kxg2 Qh4 20. cxd4
Rf3 21. dxe5 Qxh3+ 22. Kg1 Qg4+ 23. Kh1 Rh3# { White checkmated } 0-1

[Event "ICC tourney 2248 (120 10)"]
[Site "Internet Chess Club"]
[Date "2020.12.28"]
[Round "6"]
[White "GrandWizard"]
[Black "prabp"]
[Result "0-1"]
[ICCResult "White checkmated"]
[WhiteElo "1806"]
[BlackElo "1582"]
[Opening "Gedult's opening"]
[ECO "A00"]
[Time "17:17:05"]
[PlyCount "102"]
[TimeControl "7200+10"]

1. f3 Nf6 2. Kf2 g6 3. e3 Bg7 4. Be2 d5 5. c3 c5 6. d4 cxd4 7. cxd4 Nc6 8.
Nc3 a6 9. Bd2 O-O 10. g3 e6 11. f4 b5 12. g4 b4 13. Na4 Ne4+ 14. Kg2 Bd7
15. Nc5 Nxc5 16. dxc5 Bxb2 17. Rb1 Bg7 18. h4 Qa5 19. Nf3 Qxc5 20. h5 Qe7
21. Bd3 e5 22. hxg6 fxg6 23. Rxh7 e4 24. Ng5 exd3 25. Qf3 Qxg5 26. f5 Rxf5
27. Qh3 Rf7 28. Rh4 Raf8 29. Rd1 Rf2+ 30. Kg1 R8f3 31. e4 Rxd2 32. Qxf3
Rxd1+ 33. Qxd1 Qxh4 34. Qxd3 Qxg4+ 35. Kf1 Qxe4 36. Qxa6 Qc4+ 37. Qxc4 dxc4
38. Ke2 b3 39. axb3 cxb3 40. Kd2 b2 41. Kc2 Bf5+ 42. Kd2 b1=Q 43. Ke3 Qd3+
44. Kf2 Kf7 45. Kg2 Qe3 46. Kh1 Qf3+ 47. Kg1 Kf6 48. Kh2 Kg5 49. Kg1 Kh4
50. Kh2 Qg3+ 51. Kh1 Be4# { White checkmated } 0-1

[Event "ICC tourney 2248 (120 10)"]
[Site "Internet Chess Club"]
[Date "2020.12.28"]
[Round "6"]
[White "rohu333"]
[Black "StevChess01"]
[Result "0-1"]
[ICCResult "White resigns"]
[WhiteElo "1766"]
[BlackElo "1684"]
[Opening "Sicilian: O'Kelly variation"]
[ECO "B28"]
[NIC "SI.43"]
[Time "17:17:20"]
[PlyCount "72"]
[TimeControl "7200+10"]

1. e4 c5 2. Nf3 a6 3. a4 Nc6 4. g3 d5 5. exd5 Qxd5 6. Nc3 Qe6+ 7. Qe2 Qxe2+
8. Nxe2 e5 9. Bg2 f6 10. O-O Be6 11. d3 Nge7 12. Nc3 Nf5 13. Re1 Nfd4 14.
Nxd4 cxd4 15. Nd5 O-O-O 16. Nb6+ Kc7 17. Nc4 Bd5 18. f4 Bxg2 19. Kxg2 b5
20. axb5 axb5 21. Na3 Kb6 22. Bd2 Bd6 23. fxe5 fxe5 24. Red1 Ra8 25. c3
Bxa3 26. bxa3 Ra7 27. Rdb1 dxc3 28. Bxc3 Ra4 29. Rb2 Ka6 30. Bb4 Rd8 31.
Rb3 Nxb4 32. Rxb4 Rxd3 33. Rxa4+ bxa4 34. Re1 Rxa3 35. Rxe5 Rb3 36. Re4 a3
{ White resigns } 0-1

[Event "ICC tourney 2248 (120 10)"]
[Site "Internet Chess Club"]
[Date "2020.12.28"]
[Round "6"]
[White "local0928"]
[Black "Kugelblitzer"]
[Result "1/2-1/2"]
[ICCResult "Game drawn by mutual agreement"]
[WhiteElo "1785"]
[BlackElo "1535"]
[Opening "Sicilian: Pelikan (Lasker/Sveshnikov) variation"]
[ECO "B33"]
[NIC "SI.35"]
[Time "17:17:18"]
[PlyCount "144"]
[TimeControl "7200+10"]

1. e4 c5 2. Nf3 Nc6 3. d4 cxd4 4. Nxd4 Nf6 5. Nc3 e5 6. Nb3 Bb4 7. Qd3 d5
8. exd5 Nxd5 9. Bd2 Bxc3 10. Bxc3 O-O 11. O-O-O Be6 12. Qg3 Qf6 13. Bd2
Rfc8 14. Kb1 b6 15. Bd3 Nf4 16. Be4 Bf5 17. Bxf5 Qxf5 18. Bxf4 exf4 19. Qd3
Qg5 20. Qe4 Ne5 21. Rd5 f6 22. Nd4 Re8 23. Re1 Qh4 24. g3 Qxh2 25. Rxe5
fxe5 26. Rh1 Qxh1+ 27. Qxh1 exd4 28. gxf4 Rad8 29. a3 Re7 30. Qc6 h6 31. f5
Kf7 32. Qg6+ Kf8 33. f6 gxf6 34. Qxf6+ Ke8 35. Qc6+ Rdd7 36. Qxh6 Re1+ 37.
Ka2 Kd8 38. f4 Re8 39. f5 Kc8 40. Qc6+ Kd8 41. f6 Rc7 42. Qd6+ Kc8 43. Qxd4
Rf8 44. Qd6 Rcf7 45. Qc6+ Kb8 46. Qd6+ Kc8 47. Qe6+ Kb8 48. Qe5+ Kb7 49.
Qe4+ Kb8 50. Qf4+ Kb7 51. Qe4+ Kb8 52. Qe5+ Kb7 53. Qd5+ Kb8 54. Qd6+ Kb7
55. c4 Rxf6 56. Qe7+ Kb8 57. c5 bxc5 58. Qxc5 R6f7 59. a4 Rc8 60. Qd6+ Rfc7
61. a5 Ka8 62. Qd5+ Rc6 63. b3 a6 64. Ka3 Ka7 65. Qd7+ R8c7 66. Qd4+ Kb8
67. Qb4+ Rb7 68. Qf8+ Ka7 69. Ka4 Rb5 70. b4 Kb7 71. Qf2 Rc4 72. Qf3+ Rc6 {
Game drawn by mutual agreement } 1/2-1/2

[Event "ICC tourney 2248 (120 10)"]
[Site "Internet Chess Club"]
[Date "2020.12.28"]
[Round "6"]
[White "JensenUVA"]
[Black "Han366"]
[Result "1-0"]
[ICCResult "Black resigns"]
[WhiteElo "1516"]
[BlackElo "1700"]
[Opening "King's Indian: Makagonov system (5.h3)"]
[ECO "E71"]
[NIC "KI.30"]
[Time "17:17:10"]
[PlyCount "43"]
[TimeControl "7200+10"]

1. d4 Nf6 2. c4 g6 3. Nc3 Bg7 4. e4 d6 5. h3 O-O 6. Be3 Nbd7 7. g4 e5 8. d5
a5 9. Nge2 Nc5 10. Ng3 Ne8 11. Qd2 b6 12. Be2 Bd7 13. h4 f5 14. gxf5 gxf5
15. Bg5 Qc8 16. Nh5 f4 17. Nxg7 Kxg7 18. Rg1 h6 19. Be7+ Kf7 20. Bxf8 Kxf8
21. O-O-O Ng7 22. Rg6 { Black resigns } 1-0

[Event "ICC tourney 2248 (120 10)"]
[Site "Internet Chess Club"]
[Date "2020.12.28"]
[Round "6"]
[White "Torsten936"]
[Black "minitotoro"]
[Result "0-1"]
[ICCResult "White resigns"]
[WhiteElo "1704"]
[BlackElo "1563"]
[Opening "Queen's pawn"]
[ECO "A40"]
[NIC "QO.17"]
[Time "17:17:24"]
[PlyCount "116"]
[TimeControl "7200+10"]

1. d4 e6 2. Nf3 Nf6 3. g3 d5 4. Bg2 c5 5. O-O Nc6 6. Bg5 cxd4 7. Nxd4 Bc5
8. Nxc6 bxc6 9. c4 h6 10. Bf4 O-O 11. Nd2 Ba6 12. Qc2 Qb6 13. Rab1 Ng4 14.
b4 Bxf2+ 15. Kh1 Ne3 16. Bxe3 Bxe3 17. c5 Qc7 18. Nf3 e5 19. Rb3 Bg5 20.
Nxg5 hxg5 21. a4 Bc4 22. Rc3 Rab8 23. Rxc4 dxc4 24. Qxc4 Qd7 25. Be4 Qd4
26. Qxd4 exd4 27. Rb1 Rfc8 28. a5 g6 29. Kg2 f5 30. Bd3 Kf7 31. Kf2 Rc7 32.
a6 Rh8 33. Kg2 Ke6 34. Bc4+ Ke5 35. Rb3 Rch7 36. Kf2 Rxh2+ 37. Ke1 Rh1+ 38.
Kd2 R8h2 39. b5 cxb5 40. Rxb5 Rh7 41. Rb7 Rxb7 42. axb7 Rh8 43. c6 Kd6 44.
Bd5 Kc7 45. Kd3 Rh2 46. Bf7 Rg2 47. Bxg6 Rxg3+ 48. Kxd4 Rb3 49. Bxf5 Kxc6
50. Be4+ Kc7 51. Bd5 Rb2 52. e4 g4 53. e5 g3 54. e6 g2 55. Kc3 g1=Q 56.
Kxb2 Qd4+ 57. Kc2 Qxd5 58. e7 Qd7 { White resigns } 0-1